BlackHawks vs Penguins

Created - January 3, 2017 at 17:33

Goals
1 2 3 T
BlackHawks 2 1 2 5
Penguins 2 1 0 3
Shots
1 2 3 T
BlackHawks 11 7 16 34
Penguins 12 11 1 24

1st period

1. Penguins , Ryan Getzlaf 9 (Brandon Saad, Alexander Wennberg) at 6:48
2. Penguins , William Nylander 9 (David Perron, Ryan Callahan) at 11:31
3. BlackHawks , Phil Kessel 15 (Alex Galchenyuk, Dion Phaneuf) at 12:42
4. BlackHawks , Artemi Panarin 16 (Adam McQuaid) at 13:49

Penalties :
Adam McQuaid (CHI) for Boarding (Minor) at 2:50, Matt Hunwick (PIT) for Holding (Minor) at 7:57, Dion Phaneuf (CHI) for Roughing (Minor) at 16:06

2nd period

5. Penguins , Dmitry Kulikov 3 (Oliver Bjorkstrand, Luke Glendening) at 11:20
6. BlackHawks , Artemi Panarin 17 (Alex Galchenyuk, Phil Kessel) at 19:20

Penalties :
Gabriel Landeskog (PIT) for Delaying the game (Minor) at 3:58, Kris Letang (CHI) for Slashing (Minor) at 16:23, John-Michael Liles (CHI) for High sticking (Minor) at 19:50

3rd period

7. BlackHawks , Alex Galchenyuk 16 (Phil Kessel, Artemi Panarin) at 3:19 (PP)
8. BlackHawks , Shane Doan 11 (Patrik Elias, Jack Eichel) at 5:33

Penalties :
Ryan Callahan (PIT) for Hooking (Minor) at 2:06, Victor Hedman (PIT) for Interference (Minor) at 10:46, Dmitry Kulikov (PIT) for High sticking (Minor) at 18:25

Goalie Stats

Sergei Bobrovsky (CHI), 21 saves from 24 shots - (0.875), W, 4-4-0, 60:00 minutes
Connor Hellebuyck (PIT), 18 saves from 23 shots - (0.783), L, 7-5-0, 45:33 minutes
Louis Domingue (PIT), 11 saves from 11 shots - (1.000), 14:27 minutes

Players Stats for BlackHawks

Player Name              G  A  P  +/- PIM S  H  SB GA TA FO     MP     PP MP  PK MP  
------------------------------------------------------------------------------------
Adam McQuaid             0  1  1   1  2   1  1  0  0  0  0/0    18:11   0:00   3:23 
Alex Galchenyuk          1  2  3   1  0   4  0  0  0  0  13/26  19:02   3:45   0:58 
Artemi Panarin           2  1  3   1  0   4  0  0  0  0  0/1    18:04   3:45   0:00 
Deryk Engelland          0  0  0   1  0   1  5  1  0  0  0/0    16:48   1:00   2:52 
Dion Phaneuf             0  1  1  -1  2   0  1  0  0  0  0/0    23:32   4:08   2:11 
Jack Eichel              0  1  1   1  0   4  0  0  0  0  12/20  17:09   4:29   0:00 
Jason Chimera            0  0  0  -1  0   1  0  1  0  0  0/0    11:23   0:30   0:00 
John-Michael Liles       0  0  0   1  2   1  0  2  0  0  0/0    17:27   4:36   1:35 
Kris Letang              0  0  0  -1  2   4  2  0  0  0  0/0    23:28   4:08   3:46 
Michael McCarron         0  0  0   0  0   0  1  0  0  0  0/0     5:28   0:00   0:00 
Olli Maatta              0  0  0   1  0   2  0  0  0  0  0/0    23:20   3:36   4:55 
Patrik Elias             0  1  1   1  0   2  0  0  0  0  1/4    17:09   4:29   0:00 
Phil Kessel              1  2  3   1  0   2  1  0  0  0  0/1    18:04   3:45   0:00 
Sam Bennett              0  0  0  -1  0   1  0  0  0  0  7/14   10:53   0:00   0:00 
Shane Doan               1  0  1   1  0   4  5  0  0  0  0/0    17:09   4:29   0:00 
Steve Ott                0  0  0   0  0   1  1  0  0  0  9/12   10:36   0:30   4:38 
Tom Wilson               0  0  0  -1  0   2  3  0  0  0  0/0    15:57   0:30   4:34 
Trevor Lewis             0  0  0   0  0   0  1  0  0  0  3/4     8:20   0:00   2:52 

Players Stats for Penguins

Player Name              G  A  P  +/- PIM S  H  SB GA TA FO     MP     PP MP  PK MP  
------------------------------------------------------------------------------------
Alexander Wennberg       0  1  1   1  0   1  0  0  0  0  9/18   16:59   3:35   0:00 
Brandon Saad             0  1  1   1  0   3  0  0  0  0  1/1    17:13   3:35   0:14 
David Perron             0  1  1  -1  0   0  1  0  0  0  1/1    11:58   0:00   0:00 
David Savard             0  0  0   0  0   0  0  2  0  0  0/0    22:24   2:59   4:39 
Dmitry Kulikov           1  0  1   0  2   1  2  0  0  0  0/0    16:06   0:00   3:46 
Gabriel Landeskog        0  0  0  -1  2   3  2  0  0  0  0/1    19:01   4:21   1:56 
Jakub Voracek            0  0  0  -1  0   2  0  0  0  0  1/1    17:06   4:21   0:00 
Luke Glendening          0  1  1   0  0   0  4  0  0  0  6/18   14:48   3:35   6:00 
Matt Hunwick             0  0  0   0  2   0  0  1  0  0  0/0    21:51   2:59   4:07 
Nathan MacKinnon         0  0  0  -1  0   0  0  0  0  0  11/24  22:59   4:21   5:53 
Oliver Bjorkstrand       0  1  1   0  0   3  0  0  0  0  0/1     6:26   0:00   1:13 
Pavel Zacha              0  0  0   0  0   0  0  0  0  0  0/0     5:13   0:00   0:00 
Ryan Callahan            0  1  1  -1  2   1  2  1  0  0  0/1    14:09   0:00   2:12 
Ryan Getzlaf             1  0  1   1  0   2  4  0  0  0  0/0    13:24   0:00   0:00 
Ryan Suter               0  0  0  -1  0   2  1  0  0  0  0/0    21:10   4:57   0:00 
Victor Hedman            0  0  0  -1  2   3  1  0  0  0  0/0    24:40   4:37   3:51 
William Nylander         1  0  1  -1  0   3  0  0  0  0  8/16   11:58   0:00   0:00 
Xavier Ouellet           0  0  0   0  0   0  0  1  0  0  0/0    13:46   0:20   1:05 

3 Stars

1 - Artemi Panarin (CHI)
2 - Phil Kessel (CHI)
3 - Alex Galchenyuk (CHI)

Power Play

BlackHawks - 1 on 5 Attempt(s) - 20.00%
Penguins - 0 on 4 Attempt(s) - 0.00%

Penalty Kill

BlackHawks - 4 on 4 Attempt(s) - 100.00% - Score 0 goal in Penalty Kill
Penguins - 4 on 5 Attempt(s) - 80.00% - Score 0 goal in Penalty Kill

Team Stat

BlackHawks - Hits : 21 - Faceoff Wins : 45 - Blocked Shots : 4 - Penalty Minutes : 8
Penguins - Hits : 17 - Faceoff Wins : 37 - Blocked Shots : 5 - Penalty Minutes : 10

Official

Referees : Greg Kimmerly and Dave Lewis
Linesman : Shane Heyer and Brad Kovachik

Game Notes

Louis Domingue enters game at 5:33 of 3rd period

Finance

Level 1 -- Attendance: 6277 (96.57%) -- Ticket Income $690,470
Level 2 -- Attendance: 4779 (95.58%) -- Ticket Income $382,320
Level 3 -- Attendance: 2573 (73.51%) -- Ticket Income $167,245
Level 4 -- Attendance: 1868 (78.26%) -- Ticket Income $93,400
Luxury Box -- Attendance: 955 (95.50%) -- Ticket Income $181,450
Game was played at the Consol Energy Center.
Total Attendance: 16452 (89.48%)
Total Ticket Income: $1,514,885
Other Income: $227,233
Total Income: $1,742,118

% Time on Ice - BlackHawks

Lines # - Real PCT - Wanted PCT - Time Play
Normal Forward
1 - 33% - 30% - 14:19
2 - 29% - 28% - 12:40
3 - 25% - 26% - 10:53
4 - 13% - 16% - 5:28
Normal Defense
1 - 36% - 37% - 15:35
2 - 34% - 34% - 14:49
3 - 26% - 29% - 11:17
4 - 4% - 0% - 1:39
PP Forward
1 - 49% - 55% - 4:15
2 - 51% - 45% - 4:29
PP Defense
1 - 47% - 55% - 4:08
2 - 53% - 45% - 4:36
PK Forward
1 - 64% - 55% - 5:04
2 - 36% - 45% - 2:52
PK Defense
1 - 59% - 50% - 4:41
2 - 41% - 50% - 3:15
PK3 Forward
1 - 0% - 50%
2 - 0% - 50%
PK3 Defense
1 - 0% - 55%
2 - 0% - 45%
44 Forward
1 - 0% - 55%
2 - 0% - 45%
44 Defense
1 - 0% - 55%
2 - 0% - 45%
Last Minute Offensive  - 0:00
Last Minute Defensive  - 0:00
Total
Forward - 60:00
Defense - 60:00

% Time on Ice - Penguins

Lines # - Real PCT - Wanted PCT - Time Play
Normal Forward
1 - 29% - 33% - 12:45
2 - 31% - 33% - 13:24
3 - 28% - 23% - 11:58
4 - 12% - 11% - 5:13
Normal Defense
1 - 37% - 40% - 16:13
2 - 34% - 35% - 14:46
3 - 29% - 25% - 12:21
4 - 0% - 0% - 0:00
PP Forward
1 - 55% - 60% - 4:21
2 - 45% - 40% - 3:35
PP Defense
1 - 62% - 60% - 4:57
2 - 38% - 40% - 2:59
PK Forward
1 - 69% - 60% - 6:04
2 - 31% - 40% - 2:40
PK Defense
1 - 65% - 60% - 5:38
2 - 35% - 40% - 3:06
PK3 Forward
1 - 0% - 60%
2 - 0% - 40%
PK3 Defense
1 - 0% - 60%
2 - 0% - 40%
44 Forward
1 - 0% - 60%
2 - 0% - 40%
44 Defense
1 - 0% - 60%
2 - 0% - 40%
Last Minute Offensive  - 0:00
Last Minute Defensive  - 0:00
Total
Forward - 60:00
Defense - 60:00

Play by Play

1st period


0:01 of 1st period - Alex Galchenyuk wins face-off versus Nathan MacKinnon in neutral zone.
0:34 of 1st period - Shot by Artemi Panarin.
0:34 of 1st period - Stopped by Connor Hellebuyck with a rebound.
0:56 of 1st period - Shot by Patrik Elias.
0:56 of 1st period - Stopped by Connor Hellebuyck without a rebound.
0:57 of 1st period - Alexander Wennberg wins face-off versus Sam Bennett in Penguins zone.
1:05 of 1st period - Alexander Wennberg is hit by Deryk Engelland and loses puck.
1:14 of 1st period - Shot by Brandon Saad.
1:14 of 1st period - Stopped by Sergei Bobrovsky without a rebound.
1:15 of 1st period - William Nylander wins face-off versus Patrik Elias in BlackHawks zone.
1:26 of 1st period - Shot by William Nylander.
1:26 of 1st period - Shot Misses the Net.
1:32 of 1st period - Shot by William Nylander.
1:32 of 1st period - Stopped by Sergei Bobrovsky without a rebound.
1:33 of 1st period - Steve Ott wins face-off versus Alexander Wennberg in BlackHawks zone.
1:58 of 1st period - Shot by Ryan Getzlaf.
1:58 of 1st period - Stopped by Sergei Bobrovsky with a rebound.
2:00 of 1st period - Shot by Alexander Wennberg.
2:00 of 1st period - Shot Misses the Net.
2:06 of 1st period - Shot by Brandon Saad.
2:06 of 1st period - Shot Misses the Net.
2:08 of 1st period - Shot by David Savard.
2:08 of 1st period - Shot Misses the Net.
2:18 of 1st period - David Savard is hit by Steve Ott and loses puck.
2:50 of 1st period - Minor Penalty to Adam McQuaid for Boarding.
2:51 of 1st period - Nathan MacKinnon wins face-off versus Alex Galchenyuk in BlackHawks zone.
2:56 of 1st period - Shot by Victor Hedman.
2:56 of 1st period - Stopped by Sergei Bobrovsky without a rebound.
2:57 of 1st period - Nathan MacKinnon wins face-off versus Alex Galchenyuk in BlackHawks zone.
3:16 of 1st period - Shot by Gabriel Landeskog.
3:16 of 1st period - Stopped by Sergei Bobrovsky without a rebound.
3:17 of 1st period - Steve Ott wins face-off versus Alexander Wennberg in BlackHawks zone.
3:23 of 1st period - Icing by Alexander Wennberg.
3:24 of 1st period - Trevor Lewis wins face-off versus Alexander Wennberg in Penguins zone.
4:04 of 1st period - Shot by Alexander Wennberg.
4:04 of 1st period - Stopped by Sergei Bobrovsky with a rebound.
4:06 of 1st period - Shot by Luke Glendening.
4:06 of 1st period - Shot Misses the Net.
4:44 of 1st period - Shot by Gabriel Landeskog.
4:44 of 1st period - Stopped by Sergei Bobrovsky without a rebound.
4:45 of 1st period - Trevor Lewis wins face-off versus Nathan MacKinnon in BlackHawks zone.
5:02 of 1st period - Shot by Jack Eichel.
5:02 of 1st period - Stopped by Connor Hellebuyck without a rebound.
5:03 of 1st period - Luke Glendening wins face-off versus Alex Galchenyuk in Penguins zone.
5:03 of 1st period - David Savard is hit by Adam McQuaid and loses puck.
5:32 of 1st period - Shot by Oliver Bjorkstrand.
5:32 of 1st period - Stopped by Sergei Bobrovsky without a rebound.
5:33 of 1st period - Jack Eichel wins face-off versus Gabriel Landeskog in BlackHawks zone.
5:46 of 1st period - Shot by Shane Doan.
5:46 of 1st period - Stopped by Connor Hellebuyck with a rebound.
6:04 of 1st period - Shot by Jack Eichel.
6:04 of 1st period - Stopped by Connor Hellebuyck without a rebound.
6:05 of 1st period - Alexander Wennberg wins face-off versus Sam Bennett in Penguins zone.
6:26 of 1st period - Shot by Alexander Wennberg.
6:26 of 1st period - Shot Misses the Net.
6:48 of 1st period - Shot by Ryan Getzlaf.
6:48 of 1st period - Goal by Ryan Getzlaf - BlackHawks : 0 - Penguins : 1.
6:49 of 1st period - Alex Galchenyuk wins face-off versus Nathan MacKinnon in neutral zone.
7:18 of 1st period - Shot by Jakub Voracek.
7:18 of 1st period - Stopped by Sergei Bobrovsky without a rebound.
7:19 of 1st period - Patrik Elias wins face-off versus William Nylander in BlackHawks zone.
7:19 of 1st period - Patrik Elias is hit by Ryan Callahan.
7:22 of 1st period - Jack Eichel is hit by David Perron and loses puck.
7:27 of 1st period - William Nylander is hit by Shane Doan and loses puck.
7:50 of 1st period - Shot by Jack Eichel.
7:50 of 1st period - Deflect By Shane Doan.
7:50 of 1st period - Shot Misses the Net.
7:52 of 1st period - Shot by Patrik Elias.
7:52 of 1st period - Deflect By Shane Doan.
7:52 of 1st period - Shot Misses the Net.
7:54 of 1st period - Shot by Deryk Engelland.
7:54 of 1st period - Shot Hit the Post.
7:56 of 1st period - Shot by Shane Doan.
7:56 of 1st period - Shot Misses the Net.
7:57 of 1st period - Minor Penalty to Matt Hunwick for Holding.
7:58 of 1st period - Luke Glendening wins face-off versus Alex Galchenyuk in Penguins zone.
8:07 of 1st period - Shot by Phil Kessel.
8:07 of 1st period - Deflect By Artemi Panarin.
8:07 of 1st period - Shot Misses the Net.
8:09 of 1st period - Shot by Phil Kessel.
8:09 of 1st period - Shot Misses the Net.
8:11 of 1st period - Shot by Kris Letang.
8:11 of 1st period - Stopped by Connor Hellebuyck without a rebound.
8:12 of 1st period - Alex Galchenyuk wins face-off versus Luke Glendening in Penguins zone.
8:13 of 1st period - Shot by Kris Letang.
8:13 of 1st period - Shot Misses the Net.
8:15 of 1st period - Shot by Alex Galchenyuk.
8:15 of 1st period - Stopped by Connor Hellebuyck without a rebound.
8:16 of 1st period - Nathan MacKinnon wins face-off versus Alex Galchenyuk in Penguins zone.
8:16 of 1st period - Nathan MacKinnon is hit by Phil Kessel.
8:36 of 1st period - Shot by Kris Letang.
8:36 of 1st period - Stopped by Connor Hellebuyck without a rebound.
8:37 of 1st period - Jack Eichel wins face-off versus Luke Glendening in Penguins zone.
10:21 of 1st period - Adam McQuaid is hit by Ryan Getzlaf and loses puck.
10:38 of 1st period - Alexander Wennberg is hit by Tom Wilson and loses puck.
10:51 of 1st period - Icing by Olli Maatta.
10:52 of 1st period - Sam Bennett wins face-off versus William Nylander in BlackHawks zone.
11:31 of 1st period - Shot by William Nylander.
11:31 of 1st period - Goal by William Nylander - BlackHawks : 0 - Penguins : 2.
11:32 of 1st period - Nathan MacKinnon wins face-off versus Jack Eichel in neutral zone.
11:54 of 1st period - Shot by Nathan MacKinnon.
11:54 of 1st period - Shot Misses the Net.
12:31 of 1st period - Alex Galchenyuk is hit by Victor Hedman and loses puck.
12:40 of 1st period - Shot by Alex Galchenyuk.
12:40 of 1st period - Shot Misses the Net.
12:42 of 1st period - Shot by Phil Kessel.
12:42 of 1st period - Goal by Phil Kessel - BlackHawks : 1 - Penguins : 2.
12:43 of 1st period - Alexander Wennberg wins face-off versus Sam Bennett in neutral zone.
13:11 of 1st period - Kris Letang is hit by Ryan Getzlaf.
13:20 of 1st period - Icing by Dion Phaneuf.
13:21 of 1st period - Sam Bennett wins face-off versus Luke Glendening in BlackHawks zone.
13:21 of 1st period - Sam Bennett is hit by Luke Glendening.
13:47 of 1st period - Shot by Adam McQuaid.
13:47 of 1st period - Stopped by Connor Hellebuyck with a rebound.
13:49 of 1st period - Shot by Artemi Panarin.
13:49 of 1st period - Goal by Artemi Panarin - BlackHawks : 2 - Penguins : 2.
13:50 of 1st period - William Nylander wins face-off versus Alex Galchenyuk in neutral zone.
14:08 of 1st period - Icing by Victor Hedman.
14:09 of 1st period - William Nylander wins face-off versus Patrik Elias in Penguins zone.
14:09 of 1st period - William Nylander is hit by Shane Doan.
14:49 of 1st period - Shot by Jack Eichel.
14:49 of 1st period - Shot Misses the Net.
14:52 of 1st period - Icing by Ryan Suter.
14:53 of 1st period - Alex Galchenyuk wins face-off versus William Nylander in Penguins zone.
15:13 of 1st period - David Perron is hit by Kris Letang and loses puck.
16:06 of 1st period - Minor Penalty to Dion Phaneuf for Roughing.
16:07 of 1st period - Steve Ott wins face-off versus Alexander Wennberg in BlackHawks zone.
16:29 of 1st period - Icing by Ryan Suter.
16:30 of 1st period - Trevor Lewis wins face-off versus Alexander Wennberg in Penguins zone.
18:12 of 1st period - Icing by Shane Doan.
18:13 of 1st period - William Nylander wins face-off versus Jack Eichel in BlackHawks zone.
18:16 of 1st period - Shot by David Perron.
18:16 of 1st period - Shot Misses the Net.
18:20 of 1st period - Shot by William Nylander.
18:20 of 1st period - Stopped by Sergei Bobrovsky with a rebound.
18:40 of 1st period - William Nylander is hit by Deryk Engelland.
18:54 of 1st period - Ryan Callahan is hit by Shane Doan and loses puck.
19:00 of 1st period - David Perron is hit by Deryk Engelland and loses puck.
Goals for this period are 2 for BlackHawks vs 2 for Penguins.
Shots for this period are 11 for BlackHawks vs 12 for Penguins.

2nd period


0:01 of 2nd period - Sam Bennett wins face-off versus Nathan MacKinnon in neutral zone.
0:04 of 2nd period - Victor Hedman is hit by Tom Wilson and loses puck.
0:11 of 2nd period - Shot by Sam Bennett.
0:11 of 2nd period - Shot Misses the Net.
0:17 of 2nd period - Shot by Tom Wilson.
0:17 of 2nd period - Stopped by Connor Hellebuyck without a rebound.
0:18 of 2nd period - Alexander Wennberg wins face-off versus Alex Galchenyuk in Penguins zone.
0:27 of 2nd period - Shot by Brandon Saad.
0:27 of 2nd period - Stopped by Sergei Bobrovsky with a rebound.
3:03 of 2nd period - Steve Ott is hit by Luke Glendening and loses puck.
3:26 of 2nd period - Shot by Michael McCarron.
3:26 of 2nd period - Deflect By Trevor Lewis.
3:26 of 2nd period - Shot Blocked by David Savard.
3:28 of 2nd period - Shot by Steve Ott.
3:28 of 2nd period - Deflect By Trevor Lewis.
3:28 of 2nd period - Shot Misses the Net.
3:30 of 2nd period - Shot by Deryk Engelland.
3:30 of 2nd period - Shot Misses the Net.
3:32 of 2nd period - Shot by Steve Ott.
3:32 of 2nd period - Stopped by Connor Hellebuyck without a rebound.
3:33 of 2nd period - Jack Eichel wins face-off versus Nathan MacKinnon in Penguins zone.
3:41 of 2nd period - Shot by Jack Eichel.
3:41 of 2nd period - Stopped by Connor Hellebuyck without a rebound.
3:42 of 2nd period - Nathan MacKinnon wins face-off versus Patrik Elias in Penguins zone.
3:58 of 2nd period - Minor Penalty to Gabriel Landeskog for Delaying the game.
3:59 of 2nd period - Jack Eichel wins face-off versus Luke Glendening in Penguins zone.
4:20 of 2nd period - Shot by Shane Doan.
4:20 of 2nd period - Stopped by Connor Hellebuyck with a rebound.
4:22 of 2nd period - Shot by Shane Doan.
4:22 of 2nd period - Stopped by Connor Hellebuyck without a rebound.
4:23 of 2nd period - Alex Galchenyuk wins face-off versus Luke Glendening in Penguins zone.
4:30 of 2nd period - Shot by Phil Kessel.
4:30 of 2nd period - Shot Hit the Post.
4:36 of 2nd period - Shot by Kris Letang.
4:36 of 2nd period - Shot Misses the Net.
4:55 of 2nd period - Shot by Alex Galchenyuk.
4:55 of 2nd period - Shot Misses the Net.
5:12 of 2nd period - Icing by Patrik Elias.
5:13 of 2nd period - Jack Eichel wins face-off versus Ryan Callahan in BlackHawks zone.
5:13 of 2nd period - Jack Eichel is hit by Ryan Callahan.
6:34 of 2nd period - Alexander Wennberg is hit by Dion Phaneuf and loses puck.
7:12 of 2nd period - Dmitry Kulikov is hit by Trevor Lewis and loses puck.
7:23 of 2nd period - Shot by Gabriel Landeskog.
7:23 of 2nd period - Shot Misses the Net.
7:41 of 2nd period - Shot by Gabriel Landeskog.
7:41 of 2nd period - Stopped by Sergei Bobrovsky without a rebound.
7:42 of 2nd period - William Nylander wins face-off versus Jack Eichel in BlackHawks zone.
7:53 of 2nd period - Shot by William Nylander.
7:53 of 2nd period - Deflect By Ryan Callahan.
7:53 of 2nd period - Stopped by Sergei Bobrovsky without a rebound.
7:54 of 2nd period - Luke Glendening wins face-off versus Alex Galchenyuk in BlackHawks zone.
7:59 of 2nd period - Shot by Oliver Bjorkstrand.
7:59 of 2nd period - Stopped by Sergei Bobrovsky without a rebound.
8:00 of 2nd period - Jack Eichel wins face-off versus William Nylander in BlackHawks zone.
8:05 of 2nd period - William Nylander is hit by Shane Doan and loses puck.
8:25 of 2nd period - Icing by David Savard.
8:26 of 2nd period - David Perron wins face-off versus Sam Bennett in Penguins zone.
8:46 of 2nd period - Icing by David Savard.
8:47 of 2nd period - William Nylander wins face-off versus Alex Galchenyuk in Penguins zone.
8:54 of 2nd period - Shot by William Nylander.
8:54 of 2nd period - Shot Misses the Net.
9:28 of 2nd period - Icing by David Savard.
9:29 of 2nd period - Jack Eichel wins face-off versus William Nylander in Penguins zone.
9:54 of 2nd period - Icing by Kris Letang.
9:55 of 2nd period - Jack Eichel wins face-off versus Nathan MacKinnon in BlackHawks zone.
11:05 of 2nd period - Off-side.
11:06 of 2nd period - Alex Galchenyuk wins face-off versus Luke Glendening in neutral zone.
11:06 of 2nd period - Alex Galchenyuk is hit by Luke Glendening.
11:16 of 2nd period - Shot by Oliver Bjorkstrand.
11:16 of 2nd period - Shot Blocked by Deryk Engelland.
11:18 of 2nd period - Shot by Dmitry Kulikov.
11:18 of 2nd period - Shot Misses the Net.
11:20 of 2nd period - Shot by Dmitry Kulikov.
11:20 of 2nd period - Goal by Dmitry Kulikov - BlackHawks : 2 - Penguins : 3.
11:21 of 2nd period - Steve Ott wins face-off versus Alexander Wennberg in neutral zone.
11:24 of 2nd period - Brandon Saad is hit by Michael McCarron and loses puck.
12:04 of 2nd period - Off-side.
12:05 of 2nd period - Nathan MacKinnon wins face-off versus Alex Galchenyuk in neutral zone.
12:40 of 2nd period - Shot by Jakub Voracek.
12:40 of 2nd period - Shot Misses the Net.
12:42 of 2nd period - Shot by Ryan Suter.
12:42 of 2nd period - Stopped by Sergei Bobrovsky without a rebound.
12:43 of 2nd period - Sam Bennett wins face-off versus Luke Glendening in BlackHawks zone.
13:04 of 2nd period - Shot by Luke Glendening.
13:04 of 2nd period - Shot Blocked by Jason Chimera.
13:06 of 2nd period - Shot by Oliver Bjorkstrand.
13:06 of 2nd period - Stopped by Sergei Bobrovsky with a rebound.
13:27 of 2nd period - Icing by Xavier Ouellet.
13:28 of 2nd period - Luke Glendening wins face-off versus Jack Eichel in Penguins zone.
14:15 of 2nd period - Olli Maatta is hit by Ryan Getzlaf and loses puck.
14:32 of 2nd period - Shot by Victor Hedman.
14:32 of 2nd period - Stopped by Sergei Bobrovsky without a rebound.
14:33 of 2nd period - Nathan MacKinnon wins face-off versus Alex Galchenyuk in BlackHawks zone.
14:33 of 2nd period - Nathan MacKinnon is hit by Kris Letang.
14:37 of 2nd period - Shot by Gabriel Landeskog.
14:37 of 2nd period - Shot Misses the Net.
15:06 of 2nd period - Shot by Artemi Panarin.
15:06 of 2nd period - Stopped by Connor Hellebuyck without a rebound.
15:07 of 2nd period - William Nylander wins face-off versus Sam Bennett in Penguins zone.
15:34 of 2nd period - Shot by Sam Bennett.
15:34 of 2nd period - Shot Blocked by Ryan Callahan.
15:45 of 2nd period - Ryan Suter is hit by Deryk Engelland and loses puck.
15:53 of 2nd period - Sam Bennett is hit by Ryan Suter and loses puck.
16:23 of 2nd period - Minor Penalty to Kris Letang for Slashing.
16:24 of 2nd period - Steve Ott wins face-off versus Nathan MacKinnon in BlackHawks zone.
16:24 of 2nd period - Olli Maatta is hit by Gabriel Landeskog and loses puck.
17:34 of 2nd period - Shot by Ryan Suter.
17:34 of 2nd period - Stopped by Sergei Bobrovsky without a rebound.
17:35 of 2nd period - Steve Ott wins face-off versus Alexander Wennberg in BlackHawks zone.
18:12 of 2nd period - Adam McQuaid is hit by Luke Glendening and loses puck.
18:22 of 2nd period - Off-side.
18:23 of 2nd period - Jack Eichel wins face-off versus William Nylander in neutral zone.
18:34 of 2nd period - Shot by Shane Doan.
18:34 of 2nd period - Shot Misses the Net.
18:55 of 2nd period - Jack Eichel is hit by Dmitry Kulikov and loses puck.
19:20 of 2nd period - Shot by Alex Galchenyuk.
19:20 of 2nd period - Deflect By Artemi Panarin.
19:20 of 2nd period - Goal by Artemi Panarin - BlackHawks : 3 - Penguins : 3.
19:21 of 2nd period - Sam Bennett wins face-off versus Nathan MacKinnon in neutral zone.
19:44 of 2nd period - Shot by Nathan MacKinnon.
19:44 of 2nd period - Deflect By Jakub Voracek.
19:44 of 2nd period - Stopped by Sergei Bobrovsky without a rebound.
19:45 of 2nd period - Alexander Wennberg wins face-off versus Alex Galchenyuk in BlackHawks zone.
19:46 of 2nd period - Shot by Ryan Getzlaf.
19:46 of 2nd period - Shot Misses the Net.
19:48 of 2nd period - Shot by Victor Hedman.
19:48 of 2nd period - Stopped by Sergei Bobrovsky without a rebound.
19:49 of 2nd period - Alexander Wennberg wins face-off versus Artemi Panarin in BlackHawks zone.
19:49 of 2nd period - Ryan Suter is hit by Deryk Engelland and loses puck.
19:50 of 2nd period - Minor Penalty to John-Michael Liles for High sticking.
19:51 of 2nd period - Steve Ott wins face-off versus Nathan MacKinnon in BlackHawks zone.
Goals for this period are 1 for BlackHawks vs 1 for Penguins.
Shots for this period are 7 for BlackHawks vs 11 for Penguins.

3rd period


0:01 of 3rd period - Nathan MacKinnon wins face-off versus Steve Ott in neutral zone.
0:15 of 3rd period - Shot by Nathan MacKinnon.
0:15 of 3rd period - Shot Misses the Net.
0:43 of 3rd period - Shot by Ryan Suter.
0:43 of 3rd period - Shot Misses the Net.
0:58 of 3rd period - Icing by Victor Hedman.
0:59 of 3rd period - Jakub Voracek wins face-off versus Trevor Lewis in Penguins zone.
1:01 of 3rd period - Icing by Victor Hedman.
1:02 of 3rd period - Steve Ott wins face-off versus Nathan MacKinnon in Penguins zone.
2:06 of 3rd period - Minor Penalty to Ryan Callahan for Hooking.
2:07 of 3rd period - Alex Galchenyuk wins face-off versus Nathan MacKinnon in Penguins zone.
2:18 of 3rd period - Shot by Phil Kessel.
2:18 of 3rd period - Deflect By Alex Galchenyuk.
2:18 of 3rd period - Shot Misses the Net.
2:20 of 3rd period - Shot by Kris Letang.
2:20 of 3rd period - Stopped by Connor Hellebuyck without a rebound.
2:21 of 3rd period - Jack Eichel wins face-off versus Luke Glendening in Penguins zone.
2:59 of 3rd period - Shot by Jack Eichel.
2:59 of 3rd period - Stopped by Connor Hellebuyck without a rebound.
3:00 of 3rd period - Alex Galchenyuk wins face-off versus Oliver Bjorkstrand in Penguins zone.
3:17 of 3rd period - Shot by Alex Galchenyuk.
3:17 of 3rd period - Deflect By Phil Kessel.
3:17 of 3rd period - Shot Blocked by David Savard.
3:19 of 3rd period - Shot by Alex Galchenyuk.
3:19 of 3rd period - Goal by Alex Galchenyuk - BlackHawks : 4 - Penguins : 3.
3:20 of 3rd period - Sam Bennett wins face-off versus Alexander Wennberg in neutral zone.
3:56 of 3rd period - Shot by Sam Bennett.
3:56 of 3rd period - Stopped by Connor Hellebuyck without a rebound.
3:57 of 3rd period - Alex Galchenyuk wins face-off versus Nathan MacKinnon in Penguins zone.
4:08 of 3rd period - Kris Letang is hit by Gabriel Landeskog and loses puck.
4:22 of 3rd period - Icing by Dion Phaneuf.
4:23 of 3rd period - William Nylander wins face-off versus Phil Kessel in BlackHawks zone.
5:33 of 3rd period - Shot by Shane Doan.
5:33 of 3rd period - Goal by Shane Doan - BlackHawks : 5 - Penguins : 3.
5:33 of 3rd period - Louis Domingue enters game.
5:34 of 3rd period - Nathan MacKinnon wins face-off versus Sam Bennett in neutral zone.
8:02 of 3rd period - Shot by Oliver Bjorkstrand.
8:02 of 3rd period - Shot Blocked by John-Michael Liles.
8:39 of 3rd period - Icing by Ryan Suter.
8:40 of 3rd period - Sam Bennett wins face-off versus William Nylander in Penguins zone.
8:51 of 3rd period - Shot by Sam Bennett.
8:51 of 3rd period - Shot Misses the Net.
9:01 of 3rd period - Shot by Ryan Callahan.
9:01 of 3rd period - Shot Misses the Net.
9:07 of 3rd period - David Perron is hit by Tom Wilson and loses puck.
9:16 of 3rd period - Shot by Olli Maatta.
9:16 of 3rd period - Shot Misses the Net.
9:18 of 3rd period - Shot by Jason Chimera.
9:18 of 3rd period - Stopped by Louis Domingue without a rebound.
9:19 of 3rd period - Alexander Wennberg wins face-off versus Steve Ott in Penguins zone.
9:21 of 3rd period - Icing by Ryan Getzlaf.
9:22 of 3rd period - Brandon Saad wins face-off versus Jack Eichel in Penguins zone.
9:42 of 3rd period - Icing by Deryk Engelland.
9:43 of 3rd period - Nathan MacKinnon wins face-off versus Jack Eichel in BlackHawks zone.
9:44 of 3rd period - Shot by Gabriel Landeskog.
9:44 of 3rd period - Shot Misses the Net.
9:55 of 3rd period - Off-side.
9:56 of 3rd period - Alex Galchenyuk wins face-off versus Alexander Wennberg in neutral zone.
10:05 of 3rd period - Adam McQuaid is hit by Ryan Getzlaf and loses puck.
10:29 of 3rd period - Shot by Brandon Saad.
10:29 of 3rd period - Stopped by Sergei Bobrovsky without a rebound.
10:30 of 3rd period - Steve Ott wins face-off versus Nathan MacKinnon in BlackHawks zone.
10:46 of 3rd period - Minor Penalty to Victor Hedman for Interference.
10:47 of 3rd period - Jack Eichel wins face-off versus Luke Glendening in Penguins zone.
10:47 of 3rd period - Kris Letang is hit by Dmitry Kulikov and loses puck.
10:54 of 3rd period - Shot by Jack Eichel.
10:54 of 3rd period - Shot Misses the Net.
11:02 of 3rd period - Shot by Patrik Elias.
11:02 of 3rd period - Stopped by Louis Domingue without a rebound.
11:03 of 3rd period - Alex Galchenyuk wins face-off versus Luke Glendening in Penguins zone.
11:31 of 3rd period - Shot by Phil Kessel.
11:31 of 3rd period - Stopped by Louis Domingue with a rebound.
11:33 of 3rd period - Shot by Olli Maatta.
11:33 of 3rd period - Stopped by Louis Domingue without a rebound.
11:34 of 3rd period - Luke Glendening wins face-off versus Jack Eichel in Penguins zone.
12:01 of 3rd period - Shot by Kris Letang.
12:01 of 3rd period - Stopped by Louis Domingue with a rebound.
12:46 of 3rd period - Shot by Artemi Panarin.
12:46 of 3rd period - Shot Misses the Net.
12:48 of 3rd period - Shot by Olli Maatta.
12:48 of 3rd period - Stopped by Louis Domingue without a rebound.
12:49 of 3rd period - Alexander Wennberg wins face-off versus Steve Ott in Penguins zone.
13:25 of 3rd period - Shot by John-Michael Liles.
13:25 of 3rd period - Stopped by Louis Domingue without a rebound.
13:26 of 3rd period - Alex Galchenyuk wins face-off versus William Nylander in Penguins zone.
13:56 of 3rd period - Shot by Alex Galchenyuk.
13:56 of 3rd period - Stopped by Louis Domingue without a rebound.
13:57 of 3rd period - Nathan MacKinnon wins face-off versus Jack Eichel in Penguins zone.
13:57 of 3rd period - Nathan MacKinnon is hit by Shane Doan.
14:30 of 3rd period - Shot by Jack Eichel.
14:30 of 3rd period - Shot Misses the Net.
15:04 of 3rd period - Off-side.
15:05 of 3rd period - Alexander Wennberg wins face-off versus Sam Bennett in neutral zone.
15:24 of 3rd period - Shot by Brandon Saad.
15:24 of 3rd period - Shot Blocked by John-Michael Liles.
15:26 of 3rd period - Shot by Matt Hunwick.
15:26 of 3rd period - Shot Misses the Net.
15:28 of 3rd period - Shot by Alexander Wennberg.
15:28 of 3rd period - Shot Misses the Net.
15:39 of 3rd period - Off-side.
15:40 of 3rd period - Alex Galchenyuk wins face-off versus Luke Glendening in neutral zone.
15:45 of 3rd period - Shot by Phil Kessel.
15:45 of 3rd period - Shot Blocked by Xavier Ouellet.
16:58 of 3rd period - Shot by Gabriel Landeskog.
16:58 of 3rd period - Shot Misses the Net.
18:25 of 3rd period - Minor Penalty to Dmitry Kulikov for High sticking.
18:26 of 3rd period - Jack Eichel wins face-off versus Luke Glendening in Penguins zone.
18:43 of 3rd period - Shot by Shane Doan.
18:43 of 3rd period - Shot Misses the Net.
19:13 of 3rd period - Shot by Tom Wilson.
19:13 of 3rd period - Stopped by Louis Domingue with a rebound.
19:29 of 3rd period - Shot by Deryk Engelland.
19:29 of 3rd period - Stopped by Louis Domingue without a rebound.
19:30 of 3rd period - Luke Glendening wins face-off versus Alex Galchenyuk in Penguins zone.
19:42 of 3rd period - Shot by John-Michael Liles.
19:42 of 3rd period - Shot Blocked by Matt Hunwick.
19:44 of 3rd period - Shot by Phil Kessel.
19:44 of 3rd period - Shot Misses the Net.
19:46 of 3rd period - Shot by Artemi Panarin.
19:46 of 3rd period - Deflect By Alex Galchenyuk.
19:46 of 3rd period - Stopped by Louis Domingue with a rebound.
19:48 of 3rd period - Shot by Deryk Engelland.
19:48 of 3rd period - Shot Misses the Net.
Goals for this period are 2 for BlackHawks vs 0 for Penguins.
Shots for this period are 16 for BlackHawks vs 1 for Penguins.